AoeStats
← Ux'RaúlME

Pilgrims

509468015Analyzed
2v2 RM · 6d ago on Sep 26, 2026· 53m 42s· 4 players
Game mode
Random Map
Map size
Medium (4 player)
Population
200
Speed
Normal
Resources
Standard
Victory
Conquest
Starting age
Dark Age
Ending age
Imperial Age
RankedLock teamsTeams togetherTeam positionsShared explorationLock speedFull tech treeHidden civsTurbo modeCheats
Victory
Defeat
🇲🇽 Franks · Mexico
1251
+15
🇲🇽 Persians · Mexico
1174
+17
🇺🇸 Byzantines · United States
1218
-16
🇺🇸 Danes · United States
1217
-16
Ux'RaulitoMD
5:09 Loom
10:39 Feudal Age
12:21 Wheelbarrow
11:32 Town Watch
12:16 Double-Bit Axe
13:32 Fishing Lines
16:46 Castle Age
16:54 Bloodlines
17:35 Bow Saw
17:47 Medium Warships
18:14 Forging
18:03 Gillnets
21:07 Fletching
24:05 Scale Barding Armor
27:01 Hand Cart
28:55 Scale Barding Armor
29:26 Iron Casting
30:40 Husbandry
34:16 Chain Barding Armor
33:52 Bodkin Arrow
33:59 Scale Mail Armor
34:50 Light Cavalry
35:34 Padded Archer Armor
35:43 Gold Mining
35:44 Stone Mining
40:31 Imperial Age
42:30 Plate Barding Armor
41:23 Cavalier
45:01 Blast Furnace
47:23 Two-Man Saw
46:07 Horse Collar
46:57 Citadels
47:08 Conscription
46:56 Savar
47:58 Hussar
48:55 Heavy Camel Rider
51:54 Heavy Warships
Ux'RaúlME
5:20 Loom
10:57 Feudal Age
14:28 Castle Age
12:48 Double-Bit Axe
13:09 Stone Mining
15:32 Fletching
18:34 Gold Mining
20:03 Bodkin Arrow
21:23 Scale Mail Armor
26:44 Wheelbarrow
31:27 Imperial Age
29:56 Chain Mail Armor
30:33 Forging
32:30 Iron Casting
34:12 Plate Mail Armor
34:12 Murder Holes
35:32 Conscription
37:40 Blast Furnace
37:43 Chemistry
37:04 Ballistics
37:02 Heavy Scorpion
40:21 Elite Throwing Axeman
49:31 Hoardings
54:04 Hand Cart
Wucky the Plucky Ducky
7:35 Loom
9:41 Feudal Age
10:05 Man-at-Arms
10:46 Double-Bit Axe
10:57 Arson
11:01 Fishing Lines
13:19 Scale Mail Armor
13:49 Town Watch
15:29 Forging
16:08 Horse Collar
18:20 Wheelbarrow
21:03 Castle Age
22:03 Bow Saw
21:53 Stone Mining
22:05 Heavy Plow
22:08 Gillnets
22:54 Long Swordsman
24:48 Chain Mail Armor
25:20 Sanctity
29:13 Squires
32:20 Gold Mining
38:00 Imperial Age
36:50 Hand Cart
37:43 Iron Casting
37:54 Hamask
40:10 Conscription
40:28 Plate Mail Armor
40:06 Elite Jomsviking
41:42 Onager
43:46 Gold Shaft Mining
43:41 Northmen's Fury
46:26 Heavy Mounted Crossbowman
46:27 Cranequins
48:47 Ballistics
48:43 Fletching
49:17 Padded Archer Armor
50:30 Chemistry
50:04 Bloodlines
49:54 Husbandry
51:04 Bodkin Arrow
52:03 Bracer
J G Wentworth
5:23 Loom
10:34 Feudal Age
11:10 Double-Bit Axe
12:28 Fishing Lines
13:37 Wheelbarrow
18:41 Castle Age
17:50 Gold Mining
18:38 Horse Collar
19:33 Medium Warships
19:33 Demolition Ship
20:43 Clinker Construction
21:13 Siphons
24:39 Wheelbarrow
30:56 Imperial Age
29:41 Bow Saw
29:37 Fletching
30:12 Bodkin Arrow
31:14 Gold Shaft Mining
30:52 Padded Archer Armor
30:14 Crossbowman
31:41 Ballistics
31:34 Arbalester
33:24 Bracer
34:46 Thumb Ring
37:37 Chemistry
37:40 Leather Archer Armor
37:47 Leather Archer Armor
37:37 Gillnets
38:34 Stone Mining
40:31 Ring Archer Armor
41:29 Chemistry
46:32 Conscription
45:36 Elite Cataphract
Connection lost

Rejoining the realm…

Still unreachable

The connection could not be restored.

Session expired

The server has moved on; the page needs a fresh start.